 Dungeon Crawl Stone Soup version 0.24.0-123-gd5b16e6ec5 (webtiles) character file.

Game seed: 11600870986349398625, levelgen mode: deterministic

87395 vurker the Eclecticist (level 15, -1/88 HPs)
             Began as a Deep Elf Air Elementalist on Feb 5, 2020.
             Was a High Priest of Vehumet.
             Slain by a shambling mangrove (19 damage)
             ... on level 1 of the Swamp on Feb 6, 2020.
             The game lasted 00:59:58 (38534 turns).

vurker the Eclecticist (Deep Elf Air Elementalist) Turns: 38534, Time: 00:59:59

Health: -1/88      AC:  9    Str:  9    XL:     15   Next: 43%
Magic:  47/47      EV: 17    Int: 31    God:    Vehumet [*****.]
Gold:   1660       SH:  5    Dex: 19    Spells: 21/48 levels left

rFire    + + +     SeeInvis .   a - +9 long sword "Veisaoc" {speed, rElec}
rCold    + . .     Gourm    .   V - +0 buckler
rNeg     + + .     Faith    .   u - +1 robe "Leilusah" {rF+ rN+}
rPois    .         Spirit   .   H - +2 hat
rElec    +         Reflect  .   q - scarf {rC+ rF+}
rCorr    .         Harm     +   N - +0 pair of gloves
MR       ++...                  L - +2 pair of boots of the Everdark {rF+ Str+4}
Stlth    ++........             M - amulet of harm
HPRegen  0.24/turn              j - ring of Dishonour {*Corrode rN+ MP+9 Int+4 Dex+4, =R}
MPRegen  0.30/turn              t - ring of protection from magic

@: grasped by roots, constricted
A: no striking features
a: Renounce Religion


You were on level 1 of the Swamp.
You worshipped Vehumet.
Vehumet was extremely pleased with you.
You were not hungry.

You visited 4 branches of the dungeon, and saw 24 of its levels.

You collected 2494 gold pieces.
You spent 834 gold pieces at shops.

Inventory:

Hand Weapons
 a - the +9 long sword "Veisaoc" (weapon) {speed, rElec}
   (You found it on level 13 of the Dungeon)

   Attacks with this weapon are significantly faster.
   It insulates you from electricity.
 b - the +9 staff of Wucad Mu {channel}
   (You found it on level 6 of the Lair of Beasts)
Armour
 q - a scarf of resistance (worn)
   (You acquired it on level 8 of the Dungeon)
 u - the +1 robe "Leilusah" (worn) {rF+ rN+}
   (You found it on level 9 of the Dungeon)

   It protects you from fire.
   It protects you from negative energy.
 H - a +2 hat (worn)
   (You found it on level 5 of the Lair of Beasts)
 L - the +2 pair of boots of the Everdark (worn) {rF+ Str+4}
   (You found it on level 12 of the Dungeon)

   It affects your strength (+4).
   It protects you from fire.
 N - a +0 pair of gloves (worn)
   (You found it on level 1 of the Lair of Beasts)
 V - a +0 buckler (worn)
   (You found it on level 12 of the Dungeon)
Magical Staves
 z - an uncursed staff of poison
   (You found it on level 1 of the Lair of Beasts)
 U - an uncursed staff of earth
   (You found it on level 6 of the Lair of Beasts)
Jewellery
 g - an uncursed ring of see invisible
   (You found it on level 1 of the Dungeon)
 j - the ring of Dishonour (left hand) {*Corrode rN+ MP+9 Int+4 Dex+4, =R}
   (You acquired it on level 8 of the Dungeon)

   [ring of magical power]

   It affects your intelligence (+4).
   It affects your dexterity (+4).
   It protects you from negative energy.
   It affects your magic capacity (+9).
   It may corrode you when you take damage.
 k - an uncursed ring of protection from fire
   (You found it on level 5 of the Dungeon)
 t - a ring of protection from magic (right hand)
   (You found it on level 12 of the Dungeon)
 M - an amulet of harm (around neck)
   (You found it on level 5 of the Lair of Beasts)
 S - a +3 ring of evasion
   (You found it on level 3 of the Lair of Beasts)
Wands
 c - a wand of disintegration (18)
   (You found it on level 12 of the Dungeon)
 d - a wand of iceblast (18)
   (You found it on level 11 of the Dungeon)
 n - a wand of clouds (6)
   (You found it on level 5 of the Dungeon)
 v - a wand of digging (12)
   (You found it on level 3 of the Lair of Beasts)
 x - a wand of acid (29)
   (You found it on level 2 of the Lair of Beasts)
 C - a wand of polymorph (8)
   (You took it off a kobold on level 7 of the Dungeon)
 P - a wand of enslavement (4)
   (You found it on level 1 of the Lair of Beasts)
Scrolls
 m - 5 scrolls of blinking
 s - 3 scrolls of teleportation
 w - 5 scrolls of remove curse
 y - 2 scrolls of magic mapping
 E - a scroll of enchant armour
 F - 2 scrolls of fog
 J - a scroll of fear
 K - 5 scrolls of identify
 O - 5 scrolls of immolation
 W - 3 scrolls of amnesia
Potions
 f - 6 potions of curing
 h - 3 potions of mutation
 i - 3 potions of flight
 l - a potion of resistance
 o - a potion of invisibility
 p - 5 potions of lignification
 r - 6 potions of magic
 A - 4 potions of heal wounds
 G - a potion of haste
 I - 3 potions of brilliance
 Q - a potion of ambrosia
Miscellaneous
 B - a fan of gales
   (You found it on level 9 of the Dungeon)
Comestibles
 e - 28 rations


   Skills:
 + Level 8.3 Fighting
 + Level 9.8 Dodging
 - Level 2.4 Stealth
 + Level 2.7 Shields
 * Level 17.0 Spellcasting
 * Level 14.4 Conjurations
 * Level 13.7 Air Magic
 - Level 5.0 Earth Magic
 + Level 6.9 Evocations


You had 21 spell levels left.
You knew the following spells:

 Your Spells              Type           Power        Failure   Level  Hunger
a - Iron Shot             Conj/Erth      ######....   1%          6    ##.....
b - Lightning Bolt        Conj/Air       #######...   1%          5    None
c - Airstrike             Air            #######...   1%          4    None
x - Conjure Ball Lightni  Conj/Air       #######...   1%          6    ##.....
z - Freezing Cloud        Conj/Ice/Air   ######....   1%          6    ##.....

Your spell library contained the following spells:

 Spells                   Type           Power        Failure   Level  Hunger
 Magic Dart               Conj           ####         0%          1    None
 Shock                    Conj/Air       ####         0%          1    None
 Searing Ray              Conj           ######       0%          2    None
 Static Discharge         Conj/Air       #######.     0%          3    None
 Animate Skeleton         Necr           N/A          1%          1    None
 Apportation              Tloc           ####..       1%          1    None
 Confusing Touch          Hex            ####..       1%          1    None
 Corona                   Hex            ####...      1%          1    None
 Summon Small Mammal      Summ           ####         1%          1    None
 Swiftness                Chrm/Air       ######..     1%          2    None
 Dazzling Spray           Conj/Hex       ######       1%          3    None
 Force Lance              Conj/Tloc      ######..     1%          4    None
 Fulminant Prism          Conj/Hex       ######....   1%          4    None
 Iskenderun's Mystic Bla  Conj           #######.     1%          4    None
 Fireball                 Conj/Fire      ######....   1%          5    None
 Irradiate                Conj/Tmut      ######....   1%          5    None
 Lee's Rapid Deconstruct  Erth           ######....   1%          5    None
 Venom Bolt               Conj/Pois      ######....   1%          5    None
 Ensorcelled Hibernation  Hex/Ice        ####..       2%          2    None
 Shroud of Golubria       Chrm/Tloc      ####..       2%          2    None
 Confuse                  Hex            ####....     5%          3    None
 Gell's Gravitas          Tloc           ####......   5%          3    None
 Lesser Beckoning         Tloc           ####......   5%          3    None
 Teleport Other           Tloc           ####....     5%          3    None
 Tukima's Dance           Hex            ####....     5%          3    None
 Passage of Golubria      Tloc           N/A          19%         4    None
 Alistair's Intoxication  Tmut/Pois      ####....     45%         5    None
 Excruciating Wounds      Chrm/Necr      ####......   45%         5    None
 Summon Forest            Summ/Tloc      ####......   45%         5    None
 Malign Gateway           Summ/Tloc      ####......   100%        7    ####...


Dungeon Overview and Level Annotations

Branches:
Dungeon (15/15)            Temple (0/1) D:5            Lair (6/6) D:8
  Swamp (1/4) Lair:4        Snake (0/4) Lair:2        Slime (0/5) Lair:6
    Orc (2/2) D:12            Elf (0/3) Orc:2        Vaults (0/5) D:14
 Depths (0/5) D:15

Altars:
Ashenzari
Cheibriados
Elyvilon
Fedhas
Gozag
Makhleb
Okawaru
Ru
Sif Muna
Trog
Uskayaw
Vehumet
Beogh

Shops:
D:6 ?   D:8 ?   Orc:2 (!(*

Annotations:
D:9 3 runed translucent doors, Wofifit's ghost, novice DEWz; votol's ghost, novice GnFE; vurker's ghost, novice GnWn
D:12 2 transporters, TrebMcFLY's ghost, journeyman GrFi
Lair:5 exclusion: 4 oklob plants
Lair:6 exclusion: oklob plant


Message History

Roots burst forth from the earth!
The grasping roots grab you! The grasping roots constrict you!
Your ball lightning explodes!
The blast of lightning engulfs the shambling mangrove!
The blast of lightning engulfs you! You resist.
* * * LOW HITPOINT WARNING * * *
The grasping roots constrict you!
You hear a roar! x3; You hear a shout!
You hear a croak.
You hear a loud, deep croak!
You hear a roar!
You escape the roots' grasp.
You climb upwards.
Welcome back to the Lair of Beasts!
There is a staircase to the Swamp here.
You start resting.
You start resting.
You climb downwards.
Welcome back to the Swamp!
This branch contains the decaying rune of Zot.
The seven-headed hydra misses you.
The seven-headed hydra barely misses you.
The seven-headed hydra bites you.
The seven-headed hydra barely misses you. x2
The seven-headed hydra misses you.
The seven-headed hydra closely misses you.
Roots burst forth from the earth!
The grasping roots grab you! The grasping roots constrict you!
The seven-headed hydra bites you! The seven-headed hydra bites you.
The seven-headed hydra closely misses you.
You block the seven-headed hydra's attack.
The seven-headed hydra bites you. The seven-headed hydra misses you.
You block the seven-headed hydra's attack.
There is a staircase back to the Lair, spattered with blood here.
The roots' grasp on you weakens, but your attempt to escape fails.
* * * LOW HITPOINT WARNING * * *
The grasping roots constrict you!!
The seven-headed hydra bites you but does no damage.
You block the seven-headed hydra's attack.
The seven-headed hydra bites you!
* * * LOW HITPOINT WARNING * * *
The seven-headed hydra closely misses you.
The seven-headed hydra bites you but does no damage.
The seven-headed hydra closely misses you.
The seven-headed hydra bites you.
* * * LOW HITPOINT WARNING * * *
As you read the scroll of fear, it crumbles to dust.
You assume a fearsome visage.
The seven-headed hydra looks frightened!
The shambling mangrove is unaffected.
The roots' grasp on you weakens, but your attempt to escape fails.
You die...

≈♣♣♣ ....♣
..≈≈.♣ .
.≈≈≈.≈♣♣♣♣♣♣≈≈.
..≈≈.≈≈...≈..≈≈
♣≈.≈.@.D.≈..≈
♣≈≈♣≈.♣f....♣
..≈ ≈≈.≈. ≈..≈♣
. ≈≈≈.≈≈.≈ ..≈♣
..≈≈≈≈≈≈... ≈≈♣
..≈≈≈≈≈≈≈... ♣♣
...≈≈≈≈≈≈§≈.≈
.♣≈≈≈≈≈≈≈≈..♣♣


You could see a shambling mangrove and a seven-headed hydra (fleeing).

Vanquished Creatures
  Frances (D:13)
  A stone giant (Orc:1)
  A dire elephant (D:15)
  Snorg (Lair:6)
  Erolcha (D:13)
  2 catoblepae
  9 hydras
  2 centaur warriors
  A tengu warrior (D:13)
  3 two-headed ogres
  3 orc high priests (Orc:2)
  2 death yaks (Lair:5)
  Nergalle (Lair:4)
  An unseen horror (D:10)
  A wizard (D:14)
  Pikel (D:6)
  A deep elf mage (D:14)
  A wolf spider zombie (D:14)
  6 orc knights
  6 ugly things (D:14)
  6 oklob plants
  3 manticores
  5 cyclopes
  5 orc sorcerers (Orc:2)
  2 centaur zombies (D:13)
  2 black mambas
  Joseph (D:7)
  7 elephants
  A gargoyle (D:10)
  19 spiny frogs
  A centaur skeleton (D:13)
  7 rime drakes
  An efreet (D:14)
  A freezing wraith (D:14)
  7 komodo dragons
  A tengu conjurer (D:13)
  6 trolls
  A meliai (shapeshifter) (D:14)
  A queen bee (Lair:5)
  A queen bee (shapeshifter) (D:14)
  3 meliai (Lair:5)
  2 polar bears
  4 tyrant leeches (Lair:6)
  6 slime creatures
  6 dream sheep (Lair:5)
  28 blink frogs
  10 hippogriffs
  A water elemental (D:14)
  2 shadows
  A wraith (D:14)
  3 wyverns
  2 vampires
  5 basilisks
  43 yaks
  A steam dragon (Lair:5)
  Eustachio (D:5)
  4 hungry ghosts
  9 vampire mosquitoes
  Menkaure (D:6)
  A naga (Lair:2)
  11 water moccasins
  5 porcupines
  18 orc warriors
  A phantom (D:13)
  6 sky beasts
  An eye of draining (D:12)
  8 ice beasts
  9 crocodiles
  17 wolves
  13 ogres
  7 centaurs
  2 big kobolds
  17 bullfrogs
  A wyvern zombie (D:14)
  A water moccasin zombie (D:8)
  4 scorpions
  47 killer bees
  8 wights
  11 electric eels
  4 crimson imps
  A bullfrog zombie (D:5)
  3 quasits
  6 hounds
  22 orc wizards
  4 bullfrog skeletons
  16 orc priests
  11 jellies
  18 worker ants
  4 iguanas
  Terence (D:2)
  A worker ant zombie (D:5)
  4 gnolls (D:8)
  8 adders
  7 shadow imps
  5 white imps (D:14)
  2 ufetubi (D:14)
  14 oozes
  2 adder skeletons
  3 worms (D:2)
  2 dart slugs (D:1)
  4 leopard geckos
  57 orcs
  2 giant cockroaches
  7 goblins
  21 hobgoblins
  4 quokkas
  A ball python (D:2)
  5 bats
  3 frilled lizards
  A jackal skeleton (D:5)
  19 kobolds
  A leopard gecko skeleton (D:5)
  2 quokka skeletons
  8 rats
  A butterfly (Lair:3)
  A fungus (Lair:6)
  3 plants
721 creatures vanquished.

Vanquished Creatures (others)
  20 ball lightnings
  A bullfrog (D:6)
  A scorpion (D:6)
  A killer bee (Lair:5)
  2 orc wizards (D:6)
  An orc (D:6)
  A bush (Lair:6)
  19 fungi
  60 plants
106 creatures vanquished.

Grand Total: 827 creatures vanquished

Notes
Turn   | Place    | Note
-------+----------+-------------------------------------------
     0 | D:1      | vurker the Deep Elf Air Elementalist began the quest for
                  | the Orb.
     0 | D:1      | Reached XP level 1. HP: 10/10 MP: 6/6
   277 | D:1      | Reached XP level 2. HP: 15/15 MP: 6/8
  1188 | D:2      | Reached XP level 3. HP: 20/20 MP: 3/10
  1431 | D:2      | Noticed Terence
  1523 | D:2      | Killed Terence
  1523 | D:2      | Reached skill level 4 in Spellcasting
  1523 | D:2      | Reached XP level 4. HP: 24/24 MP: 6/12
  2131 | D:3      | Reached skill level 1 in Fighting
  2255 | D:3      | Reached XP level 5. HP: 29/29 MP: 3/13
  2718 | D:3      | Found a blossoming altar of Fedhas.
  3262 | D:4      | Reached skill level 5 in Spellcasting
  3279 | D:4      | HP: 1/29 [orc wizard/magic dart (9)]
  3284 | D:4      | Reached XP level 6. HP: 18/34 MP: 5/15
  3437 | D:4      | Learned a level 5 spell: Lightning Bolt
  3442 | D:4      | Learned a level 4 spell: Airstrike
  3674 | D:4      | Noticed a sky beast
  3676 | D:4      | Killed a sky beast
  4098 | D:4      | Reached skill level 6 in Spellcasting
  4098 | D:4      | Reached XP level 7. HP: 40/40 MP: 12/18
  4243 | D:4      | Reached skill level 5 in Air Magic
  4672 | D:5      | Entered Level 5 of the Dungeon
  4906 | D:5      | Found a burning altar of Makhleb.
  4930 | D:5      | Found a radiant altar of Vehumet.
  4931 | D:5      | Found a white marble altar of Elyvilon.
  4938 | D:5      | Became a worshipper of Vehumet
  5249 | D:5      | Got a bloodstained chain mail
  5271 | D:5      | Reached skill level 5 in Conjurations
  5394 | D:5      | Found a staircase to the Ecumenical Temple.
  5507 | D:5      | Reached skill level 7 in Spellcasting
  5510 | D:5      | Reached XP level 8. HP: 22/45 MP: 7/20
  5824 | D:5      | Noticed Eustachio
  5838 | D:5      | Killed Eustachio
  6131 | D:6      | Noticed Menkaure
  6135 | D:6      | Killed Menkaure
  6135 | D:6      | Reached skill level 8 in Spellcasting
  6173 | D:6      | Noticed Pikel
  6190 | D:6      | Killed Pikel
  6392 | D:6      | Reached XP level 9. HP: 51/51 MP: 20/23
  6767 | D:6      | Found Paurysep's Magic Scroll Shop.
  6773 | D:6      | Bought a scroll of identify for 30 gold pieces
  6773 | D:6      | Bought a scroll of remove curse for 45 gold pieces
  6773 | D:6      | Bought a scroll of identify for 30 gold pieces
  6773 | D:6      | Bought a scroll of identify for 30 gold pieces
  6773 | D:6      | Bought a scroll of blinking for 112 gold pieces
  6773 | D:6      | Bought a scroll of identify for 30 gold pieces
  6940 | D:7      | Reached * piety under Vehumet
  6940 | D:7      | Offered knowledge of Sting by Vehumet.
  6941 | D:7      | Reached skill level 9 in Spellcasting
  7133 | D:7      | Noticed Joseph
  7387 | D:7      | Found a hide-covered altar of Uskayaw.
  7425 | D:7      | Killed Joseph
  7638 | D:7      | Found a shimmering blue altar of Sif Muna.
  7639 | D:7      | Found a snail-covered altar of Cheibriados.
  7639 | D:7      | Found a sacrificial altar of Ru.
  7654 | D:7      | Got a shimmering quarterstaff
  8351 | D:8      | Noticed a two-headed ogre
  8464 | D:8      | Found a shattered altar of Ashenzari.
  8591 | D:8      | Reached skill level 10 in Spellcasting
  8783 | D:8      | Found a bloodstained altar of Trog.
  8787 | D:8      | You fall into a shaft and drop 1 floor!
  8840 | D:9      | Got an ominously black robe
  8858 | D:9      | Identified the +1 robe "Leilusah" {rF+ rN+} (You found it
                  | on level 9 of the Dungeon)
  8870 | D:8      | Offered knowledge of Throw Frost by Vehumet.
  9010 | D:8      | Found a staircase to the Lair.
  9035 | D:8      | Killed a two-headed ogre
  9035 | D:8      | Reached ** piety under Vehumet
  9035 | D:8      | Reached XP level 10. HP: 7/58 MP: 21/26
 10009 | D:8      | Found Xeepant's Magic Scroll Shop.
 10012 | D:8      | Bought 3 scrolls of identify for 84 gold pieces
 10012 | D:8      | Bought a scroll of identify for 28 gold pieces
 10012 | D:8      | Identified 3 scrolls of acquirement
 10037 | D:8      | Found the +2 pair of boots of the Assassin {Detection Stab+
                  | Stlth++}
 10055 | D:8      | Got a fine copper ring
 10057 | D:8      | Identified the ring of Dishonour {*Corrode rN+ MP+9 Int+4
                  | Dex+4} (You acquired it on level 8 of the Dungeon)
 10522 | D:9      | Reached skill level 11 in Spellcasting
 10581 | D:9      | Found an opulent altar of Gozag.
 10910 | D:9      | Found a runed translucent gate.
 10910 | D:9      | Found a runed translucent gate.
 10910 | D:9      | Found a runed translucent gate.
 10910 | D:9      | Noticed votol's ghost (novice GnFE)
 10911 | D:9      | Noticed vurker's ghost (novice GnWn)
 10911 | D:9      | Noticed Wofifit's ghost (novice DEWz)
 11056 | D:10     | Entered Level 10 of the Dungeon
 11135 | D:10     | Noticed an unseen horror
 11139 | D:10     | Killed an unseen horror
 11520 | D:10     | Noticed a gargoyle
 11523 | D:10     | Killed a gargoyle
 11702 | D:10     | Got a jewelled trident
 11703 | D:10     | Identified the +0 trident "Adong" {protect, *Corrode Dex+3
                  | SInv} (You found it on level 10 of the Dungeon)
 11758 | D:10     | Reached skill level 5 in Fighting
 11760 | D:10     | Offered knowledge of Conjure Flame by Vehumet.
 12387 | D:11     | Reached *** piety under Vehumet
 12687 | D:11     | Reached XP level 11. HP: 63/63 MP: 26/28
 12785 | D:11     | Offered knowledge of Fulminant Prism by Vehumet.
 13024 | D:11     | Reached skill level 12 in Spellcasting
 13024 | D:11     | Reached skill level 10 in Conjurations
 13447 | D:11     | Reached **** piety under Vehumet
 13907 | D:11     | Reached skill level 10 in Air Magic
 14049 | Lair:1   | Entered Level 1 of the Lair of Beasts
 14442 | Lair:1   | You fall into a shaft and drop 1 floor!
 14605 | Lair:2   | Offered knowledge of Iskenderun's Battlesphere by Vehumet.
 14727 | Lair:2   | Found a staircase to the Snake Pit.
 15010 | Lair:1   | Reached skill level 5 in Dodging
 15679 | Lair:1   | Reached skill level 13 in Spellcasting
 16014 | Lair:1   | Noticed a seven-headed hydra
 16020 | Lair:1   | Killed a seven-headed hydra
 16479 | Lair:2   | Reached XP level 12. HP: 66/69 MP: 16/31
 18632 | Lair:3   | Reached ***** piety under Vehumet
 18632 | Lair:3   | Reached skill level 1 in Evocations
 19051 | Lair:4   | Noticed Nergalle
 19062 | Lair:4   | Killed Nergalle
 19062 | Lair:4   | Offered knowledge of Freezing Cloud by Vehumet.
 19077 | Lair:4   | Learned a level 6 spell: Freezing Cloud
 19535 | Lair:4   | Reached skill level 14 in Spellcasting
 20134 | Lair:4   | Found a staircase to the Swamp.
 20498 | Lair:5   | Noticed a catoblepas
 21006 | Lair:5   | Reached XP level 13. HP: 76/76 MP: 27/33
 22316 | Lair:5   | Offered knowledge of Iron Shot by Vehumet.
 22655 | Lair:5   | Reached skill level 15 in Spellcasting
 23433 | Lair:5   | Identified Advanced Wizardry (You acquired it on level 5 of
                  | the Lair of Beasts)
 23444 | Lair:5   | Learned a level 6 spell: Iron Shot
 23496 | Lair:6   | Entered Level 6 of the Lair of Beasts
 23829 | Lair:5   | Reached skill level 1 in Earth Magic
 24857 | Lair:6   | Reached skill level 5 in Evocations
 24954 | Lair:6   | Reached XP level 14. HP: 82/82 MP: 30/35
 25436 | Lair:6   | Noticed Snorg
 25453 | Lair:6   | Killed Snorg
 25954 | Lair:6   | Found a staircase to the Slime Pits.
 26737 | Lair:6   | Found the +9 staff of Wucad Mu {channel}
 27336 | D:12     | Found a staircase to the Orcish Mines.
 27706 | D:12     | Identified the +3 dire flail of Ointment {pain, rElec MR+
                  | Int+2 Dex+2}
 27706 | D:12     | Identified the cursed +1 great mace "Doijoss" {drain, MR+
                  | MP+9}
 27719 | D:12     | Noticed TrebMcFLY's ghost (journeyman GrFi)
 28024 | D:12     | Found a transporter.
 28027 | D:12     | Found a transporter.
 28033 | D:12     | Got a pair of scorched boots
 28044 | D:12     | Identified the +2 pair of boots of the Everdark {rF+ Str+4}
                  | (You found it on level 12 of the Dungeon)
 28197 | D:12     | Identified Sif Muna's Incunabulum of the Compass (You
                  | acquired it on level 12 of the Dungeon)
 28335 | D:12     | Offered knowledge of Bolt of Fire by Vehumet.
 28557 | D:12     | Reached skill level 16 in Spellcasting
 28712 | Orc:1    | Entered Level 1 of the Orcish Mines
 29014 | Orc:1    | Noticed a stone giant
 29021 | Orc:1    | Killed a stone giant
 29877 | Orc:2    | Entered Level 2 of the Orcish Mines
 29891 | Orc:2    | Found a staircase to the Elven Halls.
 30067 | Orc:2    | Found a roughly hewn altar of Beogh.
 30204 | Orc:2    | Reached skill level 1 in Shields
 31824 | Orc:2    | Found Reczufur's Assorted Antiques.
 31828 | Orc:2    | Found Furghel's Distillery.
 31835 | Orc:2    | Found Heru's Antique Weapon Boutique.
 31837 | Orc:2    | Found Kutod's Weapon Shoppe.
 32023 | Orc:2    | Bought a potion of heal wounds for 55 gold pieces
 32023 | Orc:2    | Bought a potion of heal wounds for 55 gold pieces
 32023 | Orc:2    | Bought a potion of magic for 88 gold pieces
 32023 | Orc:2    | Bought a potion of heal wounds for 55 gold pieces
 32025 | Orc:2    | Bought 3 scrolls of identify for 192 gold pieces
 32460 | D:13     | Got a faintly glowing long sword
 32461 | D:13     | Identified the +9 long sword "Veisaoc" {speed, rElec} (You
                  | found it on level 13 of the Dungeon)
 32515 | D:13     | Offered knowledge of Conjure Ball Lightning by Vehumet.
 32523 | D:13     | Learned a level 6 spell: Conjure Ball Lightning
 32926 | D:13     | Noticed Frances
 32944 | D:13     | HP: 1/84 [Frances/iron shot (26)]
 32949 | D:13     | Killed Frances
 33391 | D:13     | Reached XP level 15. HP: 88/88 MP: 28/37
 33632 | D:13     | Noticed Erolcha
 33636 | D:13     | Killed Erolcha
 34583 | D:14     | Found a gate to the Vaults.
 34774 | D:14     | Found an iron altar of Okawaru.
 34775 | D:14     | Found Wip Tah's Food Emporium.
 34904 | D:14     | Got a pair of spiked gloves
 34905 | D:14     | Identified the cursed -5 pair of gloves "Imachuil" {rPois
                  | rC+} (You found it on level 14 of the Dungeon)
 36292 | D:14     | Reached skill level 5 in Earth Magic
 36797 | D:15     | Entered Level 15 of the Dungeon
 37508 | D:15     | Reached skill level 17 in Spellcasting
 37765 | D:15     | Found a staircase to the Depths.
 38345 | Swamp:1  | Entered Level 1 of the Swamp
 38534 | Swamp:1  | Slain by a shambling mangrove

Levels and vault maps discovered:
D:1:      lightli_arrival_lavapool, layout_basic
D:2:      layout_basic, minivault_26, uniq_terence
D:3:      layout_basic, fedhas_altar_1
D:4:      layout_basic
D:5:      layout_basic, minitemple, minmay_temple_entry_butterflies,
          first_ration, minmay_misc_feat_enclosed, uniq_eustachio
D:6:      layout_loops_ring, serial_shops, shop_statue, uniq_menkaure,
          uniq_pikel
D:7:      layout_loops_ring, grunt_temple_overflow_open, uniq_joseph
D:8:      layout_loops_ring, old_standard_altar, lemuel_crystal_altar,
          lair_entry_dummy, serial_shops, kennysheep_mini, st_stairs_14
D:9:      layout_rooms, kennysheep_little_box, gammafunk_ghost_cemetery
D:10:     layout_roguey, serial_glass, glass_columns_a, glass_columns_c
D:11:     layout_basic
D:12:     lemuel_slime, layout_grid_maze, david_orc_3, gammafunk_ghost_smash
D:13:     layout_loops_ring, uniq_frances, uniq_erolcha
D:14:     layout_grid_maze, david_vaults_1, serial_shops, shop, basic_altar,
          serial_ice, serial_ice_j, serial_ice_c, serial_ice_m, serial_ice_n,
          serial_ice_b, serial_ice_f, serial_ice_g, serial_ice_h, serial_ice_a,
          serial_ice_e, minivault_26
D:15:     hangedman_depths_entry_try_elsewhere_first, layout_layer_cave
Lair:1:   layout_hall_layers, infiniplex_staircase_pool
Lair:2:   layout_gridlike, guppyfry_snake_entry_island,
          chequers_serial_rivers_small_a, grunt_megastairs_5
Lair:3:   statuecave_lemuel, layout_regular_city,
          chequers_serial_rivers_micro_d, grunt_megastairs_2,
          lemuel_fruit_fields, minmay_lair_oklob_chamber
Lair:4:   layout_roguey, swamp_mist, lemuel_fruit_tree, grunt_megastairs_3,
          uniq_nergalle
Lair:5:   hangedman_what_comes_after_a, layout_cave_pods,
          nicolae_lair_yak_garden
Lair:6:   minmay_lair_end_frog_pond, layout_misc_corridors,
          minmay_slime_entry_oklob_open, grunt_megastairs_4, uniq_snorg
Swamp:1:  layout_basic_swamp, gammafunk_ghost_hydra_chop,
          nicolae_swamp_fairy_circle
Orc:1:    cheibrodos_orc_bank, layout_caves
Orc:2:    st_orc_elflike, layout_caves, basic_altar

Skill      XL: |  1  2  3  4  5  6  7  8  9 10 11 12 13 14 15 |
---------------+----------------------------------------------+-----
Conjurations   | 2 3 4 5 6 8 9 11 12 13 14 | 14.4
Spellcasting   | 4 5 6 7 8 10 11 13 14 15 16 17 | 17.0
Fighting       | 1 2 3 4 5 6 7 8 |  8.3
Air Magic      | 4 5 7 8 9 10 11 12 13 | 13.7
Dodging        | 3 5 7 8 9 |  9.8
Evocations     | 3 5 6 |  6.9
Earth Magic    | 2 4 5 |  5.0
Shields        | 2 |  2.7
Stealth        | |  2.4

Action                   |  1- 3 |  4- 6 |  7- 9 | 10-12 | 13-15 || total
-------------------------+-------+-------+-------+-------+-------++-------
Melee: Dagger            |     3 |     3 |     3 |    63 |    19 ||    91
       Staff             |       |       |       |     2 |    12 ||    14
       Long sword        |       |       |       |       |     4 ||     4
 Cast: Shock             |    60 |   106 |   239 |    54 |     1 ||   460
       Airstrike         |       |     2 |    34 |   446 |   749 ||  1231
       Lightning Bolt    |       |       |       |     6 |     1 ||     7
       Freezing Cloud    |       |       |       |     6 |    15 ||    21
       Iron Shot         |       |       |       |       |    39 ||    39
       Conjure Ball Ligh |       |       |       |       |    10 ||    10
Evoke: Wand              |       |       |     3 |     4 |     2 ||     9
       Staff of Wucad Mu |       |       |       |       |    28 ||    28
  Use: Scroll            |       |     9 |    10 |    10 |    10 ||    39
       Potion            |       |     2 |     1 |       |     3 ||     6
 Stab: Sleeping          |       |       |       |     1 |       ||     1
  Eat: Chunk             |     1 |     9 |     9 |    20 |    33 ||    72
       Ration            |       |       |     2 |     5 |     7 ||    14
Armor: Robe              |     6 |     6 |    11 |    29 |    32 ||    84
Dodge: Dodged            |    10 |    12 |    46 |   112 |   188 ||   368
Block: Buckler           |       |       |       |       |    25 ||    25
       Rpst.: Long sword |       |       |       |       |     5 ||     5
